[Event "December 12 Early 2023"]
[Site "https://www.chess.com"]
[Date "2023.12.12"]
[Round "3"]
[White "Salinas Tomas, Daniel"]
[Black "Petrukhina, Olga"]
[Result "1/2-1/2"]
[Board "207"]
[TimeControl "180+1"]
[WhiteFideId "24597716"]
[BlackFideId "13703935"]
[WhiteElo "2411"]
[BlackElo "2211"]
[WhiteTeam "ESP"]
[BlackTeam "KAZ"]
[WhiteClock "0:00:03"]
[BlackClock "0:00:02"]

1. e4 e6 2. Nf3 d5 3. Nc3 Nf6 4. e5 Nfd7 5. d4 c5 6. dxc5 Bxc5 7. Bd3 Nc6 8. Bf4 a6 9. Qe2 Qc7 10. h4 Nd4 11. Nxd4 Bxd4 12. O-O Bxe5 13. Nxd5 exd5 14. Bxe5 Qxe5 15. Qxe5+ Nxe5 16. Rfe1 f6 17. f4 Kf7 18. fxe5 f5 19. Be2 Be6 20. c3 Rhd8 21. Rad1 Rac8 22. Rd4 b5 23. a4 Rb8 24. axb5 axb5 25. Ra1 Rd7 26. Ra5 Rdb7 27. Bf3 g6 28. Ra6 Rb6 29. Ra7+ R8b7 30. Ra5 b4 31. c4 Rc7 32. cxd5 Bc8 33. e6+ Kf6 34. d6 Rc1+ 35. Kh2 Bxe6 36. d7 Bxd7 37. Rxd7 b3 38. Rad5 Rc2 39. R7d6+ Rxd6 40. Rxd6+ Ke5 41. Rb6 Rxb2 42. Rb7 h6 43. Bd1 g5 44. hxg5 hxg5 45. Rxb3 Rd2 46. Bf3 g4 47. Bb7 f4 48. Rb5+ Kd4 49. Rf5 f3 50. Kg3 Rxg2+ 51. Kh4 Ke3 52. Rd5 Kf4 53. Kh5 Rh2+ 54. Kg6 Kg3 55. Rf5 Rg2 56. Kg5 f2 57. Rf4 Kh2 58. Ba6 Kg1 59. Rxg4 Rxg4+ 60. Kxg4 f1=Q 61. Bxf1 1/2-1/2

[Event "December 12 Early 2023"]
[Site "https://www.chess.com"]
[Date "2023.12.12"]
[Round "3"]
[White "Batbold, Nyamsuren"]
[Black "Arshiya Das"]
[Result "1-0"]
[Board "208"]
[TimeControl "180+1"]
[WhiteFideId "4903331"]
[BlackFideId "25652150"]
[WhiteElo "2410"]
[BlackElo "2210"]
[WhiteTeam "MGL"]
[BlackTeam "IND"]
[WhiteClock "0:02:22"]
[BlackClock "0:00:10"]

1. g4 d5 2. Bg2 Bxg4 3. c4 e6 4. Qb3 Qc8 5. cxd5 exd5 6. Bxd5 Be6 7. Qxb7 c6 8. Qxc8+ Bxc8 9. Bg2 Nf6 10. Nc3 Be7 11. Nf3 O-O 12. Ne5 Bd7 13. Nxd7 Nfxd7 14. d3 a5 15. Be3 Bf6 16. Rb1 Rc8 17. Ne4 Na6 18. Nd6 Rc7 19. Bb6 Nb4 20. Bxc7 Ra7 21. Bb6 Nxb6 22. a3 N4d5 23. O-O Rd7 24. Ne4 Bd8 25. Nc5 Rc7 26. b4 axb4 27. axb4 Be7 28. Rfc1 Rc8 29. Na6 Ra8 30. Rxc6 Rxa6 31. Bxd5 Bf8 32. b5 1-0

[Event "December 12 Early 2023"]
[Site "https://www.chess.com"]
[Date "2023.12.12"]
[Round "3"]
[White "Borawski, Jakub"]
[Black "Marchesich, Giovanni"]
[Result "0-1"]
[Board "209"]
[TimeControl "180+1"]
[WhiteFideId "1143000"]
[BlackFideId "2824790"]
[WhiteElo "2210"]
[BlackElo "2410"]
[WhiteTeam "POL"]
[BlackTeam "ITA"]
[WhiteClock "0:00:00"]
[BlackClock "0:00:30"]

1. e4 e5 2. Nf3 Nc6 3. Bb5 a6 4. Ba4 Bc5 5. O-O Nge7 6. c4 O-O 7. Nc3 d6 8. d3 f5 9. Bg5 h6 10. Bxe7 Qxe7 11. Nd5 Qf7 12. Nd2 fxe4 13. Nxe4 Ba7 14. Bxc6 bxc6 15. Ne3 d5 16. Nd2 Be6 17. Qe2 Rae8 18. Rac1 Qg6 19. Kh1 Rf7 20. Nf3 Qf6 21. Nd2 Ref8 22. b4 Bd4 23. Kg1 Qg6 24. Kh1 Kh7 25. c5 Bxe3 26. fxe3 Bg4 27. Rxf7 Rxf7 28. Qe1 Qxd3 29. h3 Be2 30. e4 dxe4 31. Kh2 Qe3 32. Nc4 Qf4+ 33. Kh1 Bxc4 34. Rxc4 Qf1+ 35. Qxf1 Rxf1+ 36. Kh2 Re1 37. Kg3 Kg6 38. Kf2 Ra1 39. Rxe4 Rxa2+ 40. Kf3 Kf6 41. Re3 Ke6 42. Rd3 Ra4 43. Rb3 Kd5 44. Ke3 Kc4 45. Rb1 Rxb4 46. Rc1+ Kb5 47. g4 a5 48. Kf3 a4 49. h4 a3 50. Ra1 Ka4 0-1

[Event "December 12 Early 2023"]
[Site "https://www.chess.com"]
[Date "2023.12.12"]
[Round "3"]
[White "Guzman Lozano, Campo Elias"]
[Black "Leve, Nitai"]
[Result "0-1"]
[Board "210"]
[TimeControl "180+1"]
[WhiteFideId "4403746"]
[BlackFideId "2006898"]
[WhiteElo "2190"]
[BlackElo "2409"]
[WhiteTeam "COL"]
[BlackTeam "USA"]
[WhiteClock "0:00:28"]
[BlackClock "0:00:17"]

1. d4 Nf6 2. Bg5 Ne4 3. h4 Nxg5 4. hxg5 d5 5. e3 g6 6. Bd3 Bg7 7. Nd2 Nd7 8. f4 c5 9. c3 Qb6 10. Qb3 c4 11. Qxb6 axb6 12. Bc2 O-O 13. Ngf3 Ra5 14. Kf2 Nb8 15. b4 Ra3 16. Nb1 Ra6 17. a4 b5 18. Nbd2 bxa4 19. Rxa4 Bd7 20. Rxa6 Nxa6 21. Ra1 Ra8 22. e4 e6 23. Ne5 Be8 24. g4 Nc7 25. Rxa8 Nxa8 26. Ndf3 Nc7 27. f5 Nb5 28. Ba4 dxe4 29. f6 exf3 30. fxg7 Kxg7 31. Nxc4 f6 32. gxf6+ Kxf6 33. Kxf3 h5 34. gxh5 gxh5 35. Kf4 Nc7 36. Bxe8 Nxe8 37. Na5 Nd6 38. c4 b6 39. c5 bxa5 40. bxa5 Nb5 41. a6 Na7 42. Ke4 h4 43. Kf4 h3 44. Kg3 Kf5 45. Kxh3 Ke4 46. Kg4 Kxd4 47. Kg5 Kxc5 48. Kf6 Kd6 49. Kg5 e5 50. Kf5 Kd5 51. Kg4 e4 0-1

[Event "December 12 Early 2023"]
[Site "https://www.chess.com"]
[Date "2023.12.12"]
[Round "3"]
[White "yaguigor"]
[Black "Fernandez Hernandez, Gerardo"]
[Result "1-0"]
[Board "211"]
[TimeControl "180+1"]
[BlackFideId "2207400"]
[WhiteElo "2409"]
[BlackElo "2179"]
[BlackTeam "ESP"]
[WhiteClock "0:00:42"]
[BlackClock "0:00:00"]

1. e4 e6 2. d4 d5 3. Bd3 c5 4. exd5 exd5 5. Nf3 c4 6. Be2 Bd6 7. b3 cxb3 8. axb3 Nc6 9. O-O Nf6 10. c4 Bf5 11. Nc3 Nb4 12. c5 Bc7 13. Bb5+ Bd7 14. Re1+ Kf8 15. Bg5 Nc6 16. Ne5 Nxe5 17. dxe5 h6 18. Bxf6 gxf6 19. Bxd7 Qxd7 20. exf6 Rd8 21. Qh5 Rh7 22. Re7 Qc6 23. Qf5 Rh8 24. b4 a6 25. Rd1 d4 26. Ne2 d3 27. Nf4 Bxf4 28. Qxf4 d2 29. h4 1-0

[Event "December 12 Early 2023"]
[Site "https://www.chess.com"]
[Date "2023.12.12"]
[Round "3"]
[White "Bach Ngoc Thuy Duong"]
[Black "Yushko, Olga"]
[Result "1-0"]
[Board "212"]
[TimeControl "180+1"]
[WhiteFideId "12408956"]
[BlackFideId "14114500"]
[WhiteElo "2408"]
[BlackElo "2120"]
[WhiteTeam "VIE"]
[BlackTeam "UKR"]
[WhiteClock "0:00:10"]
[BlackClock "0:00:09"]

1. d4 e6 2. c4 f5 3. Nc3 Nf6 4. Nf3 d6 5. Bf4 Be7 6. h3 O-O 7. e3 Qe8 8. Bd3 Nc6 9. a3 Bd8 10. Bh2 e5 11. Be2 e4 12. Nd2 Qg6 13. Nf1 Bd7 14. Bf4 Be7 15. Ng3 Nd8 16. Qb3 b6 17. h4 Ne6 18. h5 Qf7 19. Nxf5 Nxf4 20. Nxe7+ Qxe7 21. exf4 e3 22. f3 a5 23. O-O-O a4 24. Qc2 Qf7 25. g4 Rae8 26. f5 Re7 27. Rdg1 h6 28. Bd3 Rfe8 29. Ne2 d5 30. g5 hxg5 31. h6 gxh6 32. Rxh6 Nh7 33. f6 Nxf6 34. Rxg5+ Kf8 35. Rh8+ Ng8 36. Rhxg8+ Qxg8 37. Rxg8+ Kxg8 38. cxd5 Rg7 39. Be4 Rg2 40. Qd3 Bf5 41. Qxe3 Bxe4 42. fxe4 Rf8 43. Kd2 Rff2 44. e5 Kf8 45. e6 Ke7 46. Qe5 c5 47. d6+ Kd8 48. e7+ 1-0

[Event "December 12 Early 2023"]
[Site "https://www.chess.com"]
[Date "2023.12.12"]
[Round "3"]
[White "Hartikainen, Jarmo"]
[Black "Karthik, Advaith"]
[Result "1-0"]
[Board "213"]
[TimeControl "180+1"]
[WhiteFideId "503134"]
[BlackFideId "30946050"]
[WhiteElo "2116"]
[BlackElo "2406"]
[WhiteTeam "FIN"]
[BlackTeam "USA"]
[WhiteClock "0:01:55"]
[BlackClock "0:01:59"]

1. e4 c5 2. c3 Nf6 3. e5 Nd5 4. d4 cxd4 5. Nf3 d6 6. cxd4 Nc6 7. Nc3 Nxc3 8. bxc3 dxe5 9. d5 e4 10. dxc6 Qxd1+ 11. Kxd1 exf3 12. Bb5 Kd8 13. Bf4 e5 14. Bxe5 fxg2 15. c7+ Ke7 16. Rg1 f6 17. Bg3 Bg4+ 18. Kc2 Bf5+ 19. Kb2 Kf7 20. Rxg2 Bc5 21. f3 Rhc8 22. Bc4+ Be6 23. Bxe6+ Ke7 24. Bxc8 1-0

[Event "December 12 Early 2023"]
[Site "https://www.chess.com"]
[Date "2023.12.12"]
[Round "3"]
[White "Donskov, Anatoly"]
[Black "Negron Lizarazo, Juan Sebastian"]
[Result "1-0"]
[Board "214"]
[TimeControl "180+1"]
[WhiteFideId "24143413"]
[BlackFideId "3936910"]
[WhiteElo "2405"]
[BlackElo "2111"]
[WhiteTeam "RUS"]
[BlackTeam "COL"]
[WhiteClock "0:01:35"]
[BlackClock "0:00:12"]

1. e4 c5 2. Nf3 d6 3. d4 cxd4 4. Nxd4 Nf6 5. Nc3 a6 6. f4 e6 7. Qf3 Be7 8. Be3 Qc7 9. g4 h6 10. h4 Bd7 11. g5 Ng8 12. g6 fxg6 13. Qg3 Bf6 14. Qxg6+ Kf8 15. O-O-O Ne7 16. Qg3 Nbc6 17. Bh3 Nxd4 18. Bxd4 Kf7 19. Rhg1 Rag8 20. e5 dxe5 21. fxe5 b5 22. Ne4 Bc6 23. Nd6+ Kf8 24. exf6 gxf6 25. Qf4 Nd5 26. Qf2 e5 27. Bc5 Qe7 28. Ne4 1-0

[Event "December 12 Early 2023"]
[Site "https://www.chess.com"]
[Date "2023.12.12"]
[Round "3"]
[White "Lima, Stefan Moisei VIeira"]
[Black "Lakshmi C"]
[Result "1-0"]
[Board "215"]
[TimeControl "180+1"]
[WhiteFideId "22782273"]
[BlackFideId "25035347"]
[WhiteElo "2404"]
[BlackElo "2072"]
[WhiteTeam "BRA"]
[BlackTeam "IND"]
[WhiteClock "0:00:18"]
[BlackClock "0:00:00"]

1. d4 Nf6 2. c4 e6 3. Nf3 d5 4. g3 b6 5. Bg2 Bb7 6. Ne5 Nbd7 7. O-O Bd6 8. Nxd7 Qxd7 9. Nc3 O-O 10. Bg5 Be7 11. Rc1 Rfd8 12. e3 c5 13. Bxf6 Bxf6 14. cxd5 exd5 15. dxc5 bxc5 16. Na4 c4 17. b3 Rac8 18. Qd2 Bc6 19. Nc3 d4 20. Bxc6 Qxc6 21. exd4 Rxd4 22. Qe2 Re8 23. Qh5 cxb3 24. axb3 Qb7 25. Qb5 Qxb5 26. Nxb5 Rb4 27. Nc7 Rf8 28. Nd5 Rxb3 29. Nxf6+ gxf6 30. Rc6 Rb6 31. Rc7 Ra8 32. Rd1 a5 33. Rdd7 Rf8 34. Ra7 Rb5 35. Kg2 Rc5 36. h4 f5 37. Kf3 Kg7 38. Kf4 Kf6 39. Rd6+ Kg7 40. Kg5 f4+ 41. Kxf4 Rc4+ 42. Kf3 Rc3+ 43. Kg4 Rc4+ 44. Kh3 Rfc8 45. Rdd7 Rg8 46. f4 Rf8 47. h5 Rc3 48. Kh4 1-0

[Event "December 12 Early 2023"]
[Site "https://www.chess.com"]
[Date "2023.12.12"]
[Round "3"]
[White "Tymrakiewicz, Rafal"]
[Black "Perez Cruz, Adianet"]
[Result "1-0"]
[Board "216"]
[TimeControl "180+1"]
[WhiteFideId "1108832"]
[BlackFideId "3510115"]
[WhiteElo "2401"]
[BlackElo "2040"]
[WhiteTeam "POL"]
[BlackTeam "CUB"]
[WhiteClock "0:00:51"]
[BlackClock "0:00:19"]

1. d4 d5 2. Bg5 h6 3. Bh4 c6 4. e3 Nf6 5. Nf3 Bg4 6. c4 e6 7. Nc3 Nbd7 8. Qb3 Qb6 9. Nd2 Be7 10. h3 Bf5 11. Bg3 Ne4 12. Ndxe4 Bxe4 13. Nxe4 dxe4 14. Qxb6 axb6 15. Be2 O-O 16. O-O Bf6 17. Rfd1 Rfd8 18. a3 e5 19. d5 Nc5 20. Rac1 Kf8 21. b4 Na6 22. Rd2 c5 23. Rb2 Rd6 24. Rcb1 g6 25. Kf1 Kg7 26. Ke1 Bd8 27. Bxe5+ f6 28. Bxd6 1-0

[Event "December 12 Early 2023"]
[Site "https://www.chess.com"]
[Date "2023.12.12"]
[Round "3"]
[White "Nikulina, Alena"]
[Black "Rosenberg, Evan S"]
[Result "1-0"]
[Board "217"]
[TimeControl "180+1"]
[WhiteFideId "4172051"]
[BlackFideId "2019299"]
[WhiteElo "2041"]
[BlackElo "2400"]
[WhiteTeam "RUS"]
[BlackTeam "USA"]
[WhiteClock "0:00:34"]
[BlackClock "0:01:18"]

1. e4 e5 2. Nf3 Nc6 3. Bb5 Nf6 4. O-O Nxe4 5. Re1 Nd6 6. a4 Be7 7. Nc3 O-O 8. d4 exd4 9. Nd5 Bf6 10. Bf4 a6 11. Bd3 Re8 12. Nxf6+ Qxf6 13. Bxd6 Rxe1+ 14. Qxe1 Qxd6 15. Qe8+ Qf8 16. Bxh7+ Kxh7 17. Qxf8 b6 18. Qxf7 Bb7 19. Re1 Rd8 20. Re4 1-0

[Event "December 12 Early 2023"]
[Site "https://www.chess.com"]
[Date "2023.12.12"]
[Round "3"]
[White "Manon-og, Ramon Jr."]
[Black "Saim, Mohamed Ilias"]
[Result "0-1"]
[Board "218"]
[TimeControl "180+1"]
[WhiteFideId "5200776"]
[BlackFideId "7900465"]
[WhiteElo "2390"]
[BlackElo "2037"]
[WhiteTeam "PHI"]
[BlackTeam "ALG"]
[WhiteClock "0:01:02"]
[BlackClock "0:00:15"]

1. e4 c6 2. d4 d5 3. e5 Bf5 4. Nd2 e6 5. Nb3 Nd7 6. Nf3 c5 7. dxc5 Bxc5 8. Nxc5 Nxc5 9. Bb5+ Nd7 10. O-O Ne7 11. Nd4 O-O 12. Re1 a6 13. Ba4 b5 14. Nxf5 Nxf5 15. Bb3 Nc5 16. c3 Qc7 17. Bc2 Ne7 18. Qh5 Ng6 19. h4 Nd7 20. Bf4 b4 21. Re3 Rfb8 22. Rae1 Nxf4 23. Qxh7+ Kf8 24. Qh8+ Ke7 25. Qxg7 Rg8 26. Qh6 Nxg2 27. Kh2 Nxe1 28. Rxe1 Nxe5 29. Kh3 Nf3 30. Rd1 Qh2# 0-1

[Event "December 12 Early 2023"]
[Site "https://www.chess.com"]
[Date "2023.12.12"]
[Round "3"]
[White "Sailer, Mike"]
[Black "Chandra, Anand Rishi"]
[Result "0-1"]
[Board "219"]
[TimeControl "180+1"]
[WhiteFideId "2012901"]
[BlackFideId "2626152"]
[WhiteElo "2037"]
[BlackElo "2378"]
[WhiteTeam "USA"]
[BlackTeam "CAN"]
[WhiteClock "0:00:00"]
[BlackClock "0:01:28"]

1. d4 g6 2. Bf4 Bg7 3. e3 d6 4. Nf3 Nf6 5. Be2 Nh5 6. Bg5 h6 7. Bh4 g5 8. Nfd2 Nf6 9. Bg3 h5 10. h4 g4 11. e4 Nc6 12. c3 e5 13. dxe5 dxe5 14. Qc2 Qe7 15. Na3 Be6 16. Bc4 Nd7 17. Bxe6 Qxe6 18. Nac4 O-O-O 19. Ne3 Nc5 20. O-O Bh6 21. Rfd1 Nd3 22. Ndc4 Nf4 23. b3 Rhe8 24. Nf5 Bf8 25. Nce3 Bc5 26. b4 Bb6 27. a4 a6 28. b5 Ne7 29. bxa6 bxa6 30. Rab1 Nxf5 31. Nxf5 Qc4 32. Rxd8+ Rxd8 33. Kh2 Ne2 34. Rb4 Qd3 35. Qb2 Nxg3 36. fxg3 Qf1 37. Rxb6 Rd1 38. Rb8+ Kd7 39. Rd8+ Kxd8 40. Qb8+ Kd7 0-1

[Event "December 12 Early 2023"]
[Site "https://www.chess.com"]
[Date "2023.12.12"]
[Round "3"]
[White "Donchenko, Anatoly"]
[Black "Olcayoz, Gizem"]
[Result "1-0"]
[Board "220"]
[TimeControl "180+1"]
[WhiteFideId "4106091"]
[BlackFideId "6301444"]
[WhiteElo "2378"]
[BlackElo "2029"]
[WhiteTeam "GER"]
[BlackTeam "TUR"]
[WhiteClock "0:01:28"]
[BlackClock "0:00:00"]

1. Nf3 f5 2. d4 e6 3. g3 Nf6 4. Bg2 Be7 5. c4 d6 6. Nc3 O-O 7. O-O Ne4 8. Qc2 Nxc3 9. Qxc3 a5 10. b3 Nc6 11. a3 Bf6 12. Bb2 e5 13. Rfd1 Qe8 14. Qc2 e4 15. Ne1 g5 16. e3 h5 17. Qe2 g4 18. Bf1 Kg7 19. Ng2 Ne7 20. Nf4 Rh8 21. d5 Ng6 22. Bxf6+ Kxf6 23. Bg2 Nxf4 24. Qb2+ Qe5 25. Qxe5+ Kxe5 26. exf4+ Kf6 27. b4 b6 28. c5 bxc5 29. bxc5 Ke7 30. Rac1 dxc5 31. Rxc5 Kd6 32. Rc6+ Ke7 33. Rxc7+ Kf6 34. Rc6+ Ke7 35. d6+ Kd8 36. Bf1 Bd7 37. Rc7 Rh6 38. Rc5 Ra6 39. Bxa6 1-0

[Event "December 12 Early 2023"]
[Site "https://www.chess.com"]
[Date "2023.12.12"]
[Round "3"]
[White "Bongo Akanga Ndjila, Barthelemy"]
[Black "Topalov, Aleksandar"]
[Result "0-1"]
[Board "221"]
[TimeControl "180+1"]
[WhiteFideId "10609431"]
[BlackFideId "925659"]
[WhiteElo "2014"]
[BlackElo "2377"]
[WhiteTeam "GAB"]
[BlackTeam "SRB"]
[WhiteClock "0:00:00"]
[BlackClock "0:00:18"]

1. d4 Nf6 2. c4 c5 3. d5 d6 4. Nc3 g6 5. e4 Bg7 6. Nge2 O-O 7. Ng3 e6 8. Be2 exd5 9. cxd5 a6 10. a4 Re8 11. O-O Nbd7 12. Bg5 h6 13. Be3 h5 14. Bg5 Qb6 15. Qd2 Nh7 16. Bh4 Ne5 17. a5 Qc7 18. h3 c4 19. f4 Nd7 20. Ra4 Nc5 21. Rxc4 Qxa5 22. Bxh5 gxh5 23. Nxh5 Bxc3 24. bxc3 Nxe4 25. Qd4 f6 26. Bxf6 Nexf6 27. Nxf6+ Nxf6 28. Qxf6 Re3 29. Qg6+ Kf8 30. Qh6+ Ke8 31. Qxd6 Bd7 32. Qg6+ Kd8 33. Qg8+ Be8 34. Qg5+ Kd7 0-1

[Event "December 12 Early 2023"]
[Site "https://www.chess.com"]
[Date "2023.12.12"]
[Round "3"]
[White "La Villa Rivas, Marlon Javier"]
[Black "Reinecke, Katharina"]
[Result "0-1"]
[Board "222"]
[TimeControl "180+1"]
[WhiteFideId "3519546"]
[BlackFideId "12929727"]
[WhiteElo "2369"]
[BlackElo "2005"]
[WhiteTeam "CUB"]
[BlackTeam "GER"]
[WhiteClock "0:00:47"]
[BlackClock "0:00:06"]

1. e4 c6 2. c4 d5 3. cxd5 cxd5 4. exd5 Nf6 5. Qa4+ Nbd7 6. Nc3 g6 7. Nf3 Bg7 8. Bc4 O-O 9. O-O Nb6 10. Qb3 Nxc4 11. Qxc4 b6 12. d4 Bb7 13. Bg5 Nxd5 14. Rfe1 Rc8 15. Qd3 Bf6 16. Bh6 Re8 17. Ne4 Bh8 18. Nfg5 e6 19. Qh3 Nf4 20. Qg4 Bxe4 21. Nxe4 Nh5 22. Rad1 f5 23. Qh3 fxe4 24. Rxe4 Qd7 25. Rde1 Rc6 26. Bg5 Qf7 27. g4 Ng7 28. Rf4 Qd7 29. Bf6 Rf8 30. g5 Ne8 31. Bxh8 Rxf4 32. Be5 Rf7 33. Re4 Rf5 34. Rh4 Qf7 35. Qg2 Rc1+ 36. Qf1 Rxf1+ 37. Kxf1 Rxf2+ 38. Ke1 Rf1+ 39. Kd2 Qf2+ 40. Kc3 Qxh4 0-1

[Event "December 12 Early 2023"]
[Site "https://www.chess.com"]
[Date "2023.12.12"]
[Round "3"]
[White "Donatti, Alvaro"]
[Black "NovakRatko"]
[Result "0-1"]
[Board "223"]
[TimeControl "180+1"]
[WhiteFideId "3000303"]
[WhiteElo "1985"]
[BlackElo "2364"]
[WhiteTeam "URU"]
[WhiteClock "0:00:00"]
[BlackClock "0:01:01"]

1. e4 d5 2. d4 dxe4 3. Nc3 e5 4. d5 Nf6 5. Bg5 Bb4 6. Bb5+ Bd7 7. Qe2 Bxc3+ 8. bxc3 O-O 9. Bxd7 Nbxd7 10. c4 h6 11. Bh4 c6 12. dxc6 bxc6 13. Rd1 Qa5+ 14. Kf1 Qxa2 15. f3 exf3 16. Nxf3 e4 17. Nd4 c5 18. Nf5 Qb2 19. g4 Ne5 20. Bxf6 gxf6 21. Nxh6+ Kh7 22. Nf5 Rad8 23. Kg2 Ng6 24. Qxe4 Rfe8 25. Qf3 Qxc2+ 26. Kh3 Qxc4 27. g5 Nf4+ 0-1

[Event "December 12 Early 2023"]
[Site "https://www.chess.com"]
[Date "2023.12.12"]
[Round "3"]
[White "Gazineu Neto, Rubens"]
[Black "Gutkin, Ilya"]
[Result "0-1"]
[Board "224"]
[TimeControl "180+1"]
[WhiteFideId "2174685"]
[BlackFideId "16203470"]
[WhiteElo "1976"]
[BlackElo "2359"]
[WhiteTeam "BRA"]
[BlackTeam "GER"]
[WhiteClock "0:00:00"]
[BlackClock "0:00:18"]

1. e4 e5 2. Nf3 Nc6 3. Bb5 Nf6 4. O-O Nxe4 5. d4 Nd6 6. Bxc6 dxc6 7. dxe5 Nf5 8. Qxd8+ Kxd8 9. Nc3 Be7 10. h3 h6 11. g4 Nh4 12. Nxh4 Bxh4 13. Be3 Be6 14. Rad1+ Ke8 15. f4 Bc4 16. Rf3 Rd8 17. Rxd8+ Kxd8 18. b3 Ba6 19. Bf2 Bxf2+ 20. Kxf2 h5 21. g5 g6 22. Ne4 b6 23. c4 Bc8 24. Rd3+ Ke7 25. h4 Bf5 26. Ke3 a5 27. Rd2 a4 28. b4 a3 29. c5 b5 30. Rd4 Ra8 31. Nc3 Be6 32. Kd2 Bc4 33. Kc2 Ke6 0-1

[Event "December 12 Early 2023"]
[Site "https://www.chess.com"]
[Date "2023.12.12"]
[Round "4"]
[White "Demchenko, Anton"]
[Black "Aronian, Levon"]
[Result "0-1"]
[Board "1"]
[TimeControl "180+1"]
[WhiteFideId "4160258"]
[BlackFideId "13300474"]
[WhiteElo "2892"]
[BlackElo "3121"]
[WhiteTeam "SLO"]
[BlackTeam "USA"]
[WhiteClock "0:00:02"]
[BlackClock "0:00:09"]

1. e4 c5 2. Nc3 e6 3. Nf3 Nc6 4. a4 Nf6 5. Bb5 Qc7 6. O-O Nd4 7. h3 Qf4 8. Nxd4 cxd4 9. Ne2 Qxe4 10. d3 Qh4 11. Bf4 a6 12. Bc4 Bc5 13. Qd2 d5 14. b4 Ba7 15. Bb3 O-O 16. Rae1 Qh5 17. Bd6 Re8 18. Nf4 Qh6 19. Qe2 Bd7 20. Qe5 Bc6 21. Ne2 Nd7 22. Qg3 e5 23. Bc7 Rac8 24. Ba5 b5 25. axb5 axb5 26. f4 e4 27. f5 Nf6 28. Nf4 exd3 29. cxd3 Re3 30. Qf2 Qg5 31. Rd1 Qxf5 32. Kh1 Qe5 33. Rfe1 Re8 34. Rf1 Bb8 35. Bc2 g5 36. Bb6 gxf4 37. Qg1 Kh8 38. Bb3 Rg8 39. Rf2 f3 40. Qf1 fxg2+ 41. Rxg2 Rxh3+ 42. Kg1 Qh2+ 0-1

[Event "December 12 Early 2023"]
[Site "https://www.chess.com"]
[Date "2023.12.12"]
[Round "4"]
[White "Steinberg, Nitzan"]
[Black "Andreikin, Dmitry"]
[Result "1/2-1/2"]
[Board "2"]
[TimeControl "180+1"]
[WhiteFideId "2801795"]
[BlackFideId "4158814"]
[WhiteElo "2888"]
[BlackElo "3093"]
[WhiteTeam "ISR"]
[BlackTeam "FID"]
[WhiteClock "0:02:37"]
[BlackClock "0:02:21"]

1. e4 c5 2. Nf3 e6 3. d4 cxd4 4. Nxd4 a6 5. Be2 Nf6 6. Nc3 Qc7 7. O-O Nc6 8. Be3 Be7 9. f4 d6 10. Qe1 O-O 11. Kh1 Nxd4 12. Bxd4 b5 13. a3 Bb7 14. Qg3 Rad8 15. Rae1 Qd7 16. Bd3 Nh5 17. Qg4 Nf6 18. Qg3 Nh5 19. Qg4 Nf6 20. Qg3 1/2-1/2

[Event "December 12 Early 2023"]
[Site "https://www.chess.com"]
[Date "2023.12.12"]
[Round "4"]
[White "Le, Tuan Minh"]
[Black "Bocharov, Dmitry"]
[Result "0-1"]
[Board "3"]
[TimeControl "180+1"]
[WhiteFideId "12401153"]
[BlackFideId "4138716"]
[WhiteElo "3081"]
[BlackElo "2860"]
[WhiteTeam "VIE"]
[BlackTeam "RUS"]
[WhiteClock "0:00:09"]
[BlackClock "0:01:22"]

1. d4 Nf6 2. c4 e6 3. Nc3 Bb4 4. e3 O-O 5. Bd2 c5 6. a3 Bxc3 7. Bxc3 Ne4 8. Ne2 d6 9. Qc2 Nxc3 10. Nxc3 cxd4 11. exd4 Nc6 12. Rd1 Qf6 13. Qd2 e5 14. Nd5 Qg6 15. dxe5 dxe5 16. h4 Bg4 17. f3 Be6 18. Kf2 Bxd5 19. cxd5 Nd4 20. Bd3 Qb6 21. Kg3 Rac8 22. Rhe1 Qd6 23. f4 f6 24. fxe5 fxe5 25. Be4 Rf4 26. Qb4 Qf6 0-1

[Event "December 12 Early 2023"]
[Site "https://www.chess.com"]
[Date "2023.12.12"]
[Round "4"]
[White "Oparin, Grigoriy"]
[Black "Xu, Yi"]
[Result "1-0"]
[Board "4"]
[TimeControl "180+1"]
[WhiteFideId "24125890"]
[BlackFideId "8605564"]
[WhiteElo "3057"]
[BlackElo "2859"]
[WhiteTeam "USA"]
[BlackTeam "CHN"]
[WhiteClock "0:01:33"]
[BlackClock "0:00:01"]

1. Nc3 d5 2. e4 c6 3. Nf3 Bg4 4. h3 Bxf3 5. Qxf3 e6 6. Be2 Nd7 7. d4 Ne7 8. O-O dxe4 9. Nxe4 Nf5 10. Rd1 Be7 11. b3 O-O 12. Bb2 Nf6 13. Nc5 Qc7 14. Bd3 Nd6 15. c4 Rad8 16. Bc2 b5 17. Bd3 bxc4 18. bxc4 a5 19. Bc3 h6 20. Rab1 Nd7 21. Qg3 Rc8 22. d5 e5 23. Nxd7 Qxd7 24. c5 Nf5 25. Qg4 g6 26. d6 Bf6 27. Bxa5 Rfe8 28. Bxf5 Qxf5 29. Qxf5 gxf5 30. d7 1-0

[Event "December 12 Early 2023"]
[Site "https://www.chess.com"]
[Date "2023.12.12"]
[Round "4"]
[White "Bacrot, Etienne"]
[Black "Zemlyanskii, Ivan"]
[Result "1-0"]
[Board "5"]
[TimeControl "180+1"]
[WhiteFideId "605506"]
[BlackFideId "24249971"]
[WhiteElo "2850"]
[BlackElo "3048"]
[WhiteTeam "FRA"]
[BlackTeam "RUS"]
[WhiteClock "0:00:14"]
[BlackClock "0:00:00"]

1. e4 c5 2. Nf3 e6 3. c3 d5 4. exd5 Qxd5 5. d4 Nf6 6. Na3 Qd8 7. Nc2 Nc6 8. Bf4 Nd5 9. Bg3 Be7 10. Bd3 O-O 11. O-O b6 12. Re1 Bb7 13. Qe2 Bd6 14. Rad1 Bxg3 15. hxg3 cxd4 16. Ncxd4 Nxd4 17. Nxd4 Qf6 18. Be4 Rab8 19. Nb5 a6 20. Nd6 Bc6 21. Qc4 Ba8 22. Qxa6 Qd8 23. Nb5 Bb7 24. Qa3 Qg5 25. Nd6 Ba8 26. Qb3 Nf6 27. Bxa8 Rxa8 28. Ne4 Nxe4 29. Rxe4 h6 30. Red4 Rfb8 31. Rd7 Qf5 32. a3 Ra5 33. Qc4 Rc5 34. Qd3 Qg4 35. Qf3 Qg6 36. Qf4 Rbc8 37. Qb4 R5c6 38. Qb5 Qc2 39. Rd8+ Kh7 40. Qd3+ Qxd3 41. R1xd3 Rxd8 42. Rxd8 Rc5 43. Rd4 b5 44. Kf1 Re5 45. Rb4 h5 46. a4 bxa4 47. Rxa4 Rb5 48. b4 Rd5 49. Ra1 Rd2 50. Rb1 Rc2 51. Rb3 Rc1+ 52. Ke2 Rc2+ 53. Ke3 g5 54. b5 f5 55. b6 1-0

[Event "December 12 Early 2023"]
[Site "https://www.chess.com"]
[Date "2023.12.12"]
[Round "4"]
[White "Xiong, Jeffery"]
[Black "Vakhlamov, Igor L."]
[Result "1-0"]
[Board "6"]
[TimeControl "180+1"]
[WhiteFideId "2047640"]
[BlackFideId "24126748"]
[WhiteElo "3045"]
[BlackElo "2843"]
[WhiteTeam "USA"]
[BlackTeam "RUS"]
[WhiteClock "0:01:37"]
[BlackClock "0:00:00"]

1. Nf3 d5 2. b3 Nf6 3. Bb2 e6 4. c4 c5 5. cxd5 exd5 6. g3 Nc6 7. Bg2 Be7 8. O-O O-O 9. d4 Ne4 10. Nc3 Bf6 11. Nxe4 dxe4 12. Nd2 Bxd4 13. Bxd4 Nxd4 14. Nxe4 Qe7 15. e3 Ne6 16. Qd6 Qxd6 17. Nxd6 Rb8 18. Rfd1 b6 19. Nxc8 Rfxc8 20. Rd7 a5 21. Bd5 Rd8 22. Bxe6 fxe6 23. Rad1 Rxd7 24. Rxd7 Kf8 25. Rc7 a4 26. Kg2 Rd8 27. Rc6 Rd2 28. bxa4 Ke7 29. Rxb6 Rxa2 30. Rc6 Rxa4 31. Rxc5 Kf6 32. h4 g6 33. h5 Ra7 34. g4 g5 35. Kf3 h6 36. Rc8 Kg7 37. Re8 Rf7+ 38. Kg3 Kf6 39. Rg8 Rg7 40. Rxg7 Kxg7 41. Kf3 Kf6 42. Ke4 Kf7 43. Ke5 Ke7 44. f4 gxf4 45. exf4 Kf7 46. g5 Ke7 47. g6 1-0